 Dungeon Crawl Stone Soup version 0.28-a0-1435-g82390b3a13 (webtiles) character file.

Game seed: 14016794066305971166

512 Shayle the Grasshopper (level 7, -1/50 HPs)
             Began as a Gnoll Warper on Jan 9, 2022.
             Succumbed to a water moccasin's poison
             ... on level 5 of the Dungeon on Jan 10, 2022.
             The game lasted 00:16:24 (5185 turns).

Shayle the Grasshopper (Gnoll Warper)               Turns: 5185, Time: 00:16:25

Health: -1/50      AC:  4    Str:  7 (10) XL:     7   Next: 19%
Magic:  15/15      EV: 12    Int: 13 (15) God:
Gold:   201        SH:  0    Dex:  9 (11) Spells: 17/17 levels left

rFire   . . .      SeeInvis .   r - +2 flail (drain)
rCold   . . .      Faith    .   (no shield)
rNeg    . . .      Spirit   .   a - +0 leather armour
rPois   .          Reflect  .   (no helmet)
rElec   .          Harm     .   (no cloak)
rCorr   .          Rampage  .   (no gloves)
Will    .....                   p - +0 pair of boots
Stlth   ++........              (no amulet)
HPRegen 0.16/turn               (no ring)
MPRegen 0.14/turn               (no ring)

@: lethally poisoned (-1 -> -9), unable to read
A: fangs 1, strong nose, distributed training, frail 1, inability to read while
threatened
a: no special abilities


You were on level 5 of the Dungeon.
You visited 1 branch of the dungeon, and saw 5 of its levels.

You collected 201 gold pieces.

Inventory:

Hand Weapons
 c - a +1 falchion of protection
 r - a +2 flail of draining (weapon)
Missiles
 i - 14 poisoned darts (quivered)
 q - 2 boomerangs
Armour
 a - a +0 leather armour (worn)
 j - an orb of energy
 p - a +0 pair of boots (worn)
Jewellery
 n - a ring of wizardry
Scrolls
 b - a scroll of blinking
 d - a scroll of immolation {unknown}
 e - a scroll of acquirement {unknown}
 f - a scroll of magic mapping {unknown}
 h - a scroll of noise {unknown}
 l - a scroll of silence {unknown}
 m - 3 scrolls of identify {unknown}
Potions
 g - a potion of curing {unknown}
 k - a potion of attraction {unknown}
 o - a potion of degeneration


   Skills:
 + Level 5.1 Fighting
 + Level 2.3 Short Blades
 + Level 2.3 Long Blades
 + Level 2.3 Axes
 + Level 2.3 Maces & Flails
 + Level 2.3 Polearms
 + Level 2.3 Staves
 + Level 2.3 Slings
 + Level 2.3 Bows
 + Level 2.3 Crossbows
 + Level 3.5 Throwing
 + Level 3.5 Armour
 + Level 5.1 Dodging
 + Level 2.3 Stealth
 + Level 2.3 Shields
 + Level 5.1 Unarmed Combat
 + Level 5.5 Spellcasting
 + Level 1.9 Conjurations
 + Level 1.9 Hexes
 + Level 1.9 Summonings
 + Level 1.9 Necromancy
 + Level 5.8 Translocations
 + Level 1.9 Transmutations
 + Level 1.9 Fire Magic
 + Level 1.9 Ice Magic
 + Level 1.9 Air Magic
 + Level 1.9 Earth Magic
 + Level 1.9 Poison Magic
 + Level 2.5 Invocations
 + Level 2.3 Evocations


You had 17 spell levels left.
You didn't know any spells.
Your spell library contained the following spells:

 Spells                   Type           Power      Damage    Failure   Level
 Blink                    Tloc           36%        N/A       3%          2
 Gell's Gravitas          Tloc           18%        N/A       7%          3
 Lesser Beckoning         Tloc           18%        N/A       7%          3
 Teleport Other           Tloc           18%        N/A       7%          3
 Corpse Rot               Necr/Air       16%        N/A       19%         2
 Passwall                 Tmut/Erth      6%         N/A       19%         2
 Poisonous Vapours        Pois/Air       16%        N/A       19%         2
 Swiftness                Air            8%         N/A       34%         3
 Manifold Assault         Tloc           18%        N/A       54%         5


Dungeon Overview and Level Annotations

Branches:
Dungeon (5/15)
 Temple: D:4-7

Altars:
Gozag
Nemelex Xobeh
Sif Muna
The Shining One

Annotations:
D:4 3 runed translucent doors, vdate's ghost, amateur GnWn


Innate Abilities, Weirdness & Mutations

You have very sharp teeth.
Your uncanny sense of smell can sniff out nearby items.
Your experience applies equally to all skills.
You are frail. (-10% HP)
You sometimes lose the ability to read scrolls when taking damage.


Message History

Unknown command.
You hit the water moccasin.
The water moccasin is severely wounded.
The water moccasin bites you.
You are poisoned.
The water moccasin poisons you! The water moccasin barely misses you.
Unknown command.
You hit the water moccasin but do no damage.
The water moccasin is severely wounded.
You feel very sick. The water moccasin barely misses you.
The water moccasin bites you.
You are more poisoned.
The water moccasin poisons you!
You hit the water moccasin. You drain the water moccasin.
You kill the water moccasin!
You feel extremely sick.
Your life force feels restored.
You have reached level 7!
You barely miss something. Your punch misses something.
You feel very sick. Something hits you.
You sock something!
You feel very sick. Something barely misses you. Something hits you.
You feel threatened and lose the ability to read scrolls!
* * * LOW HITPOINT WARNING * * *
Unknown command.
You barely miss something.
You can read scrolls again.
* * * LOW HITPOINT WARNING * * *
You feel very sick.
You hear some strange, mumbled words.
A puff of flame appears from out of thin air!
The puff of flame hits you!
You feel threatened and lose the ability to read scrolls!
* * * LOW HITPOINT WARNING * * *
It was a potion of degeneration.
There was something very wrong with that liquid.
You feel weakened.
You feel dopey.
You feel clumsy.
You die...

#.........#.#########
.. ###.#.......# .#
#.#...##### ..
#.##..# .. #.....###
#.......# #.##.##.#
#.##.##.# #.#..##@#
#.# #{# #. #.# .. ...
#. .## #. .. #.


There were no monsters in sight!

Vanquished Creatures
  A water moccasin (D:5)
  A phantom (D:3)
  A hound (D:4)
  A gnoll shaman (D:4)
  A hound zombie (D:5)
  A hound skeleton (D:4)
  13 gnolls
  3 adders
  An adder skeleton (D:4)
  A worm (D:2)
  2 dart slugs
  4 orcs
  4 endoplasms
  2 giant cockroaches
  10 hobgoblins
  3 quokkas
  5 ball pythons
  9 bats
  3 frilled lizards
  8 goblins
  11 kobolds
  2 rats
87 creatures vanquished.

Notes
Turn   | Place    | Note
-------+----------+-------------------------------------------
     0 | D:1      | Shayle the Gnoll Warper began the quest for the Orb.
     0 | D:1      | Reached XP level 1. HP: 20/20 MP: 6/6
   177 | D:1      | Reached XP level 2. HP: 26/26 MP: 7/7
   670 | D:1      | Reached XP level 3. HP: 29/31 MP: 9/9
   770 | D:1      | Reached skill level 5 in Spellcasting
  1139 | D:2      | Reached skill level 1 in Invocations
  1143 | D:2      | Gained mutation: You sometimes lose the ability to read
                  | scrolls when taking damage. [potion of mutation]
  1143 | D:2      | Gained mutation: You are frail. (-10% HP) [potion of
                  | mutation]
  1146 | D:2      | HP: 1/40 [kobold (4)]
  1834 | D:2      | Reached skill level 1 in Short Blades
  1834 | D:2      | Reached skill level 1 in Long Blades
  1834 | D:2      | Reached skill level 1 in Axes
  1834 | D:2      | Reached skill level 1 in Maces & Flails
  1834 | D:2      | Reached skill level 1 in Polearms
  1834 | D:2      | Reached skill level 1 in Staves
  1834 | D:2      | Reached skill level 1 in Slings
  1834 | D:2      | Reached skill level 1 in Bows
  1834 | D:2      | Reached skill level 1 in Crossbows
  1834 | D:2      | Reached skill level 1 in Stealth
  1834 | D:2      | Reached skill level 1 in Shields
  1834 | D:2      | Reached skill level 1 in Evocations
  1844 | D:2      | Reached XP level 4. HP: 19/34 MP: 11/11
  2202 | D:3      | Found a glowing golden altar of the Shining One.
  2261 | D:3      | Found a sparkling altar of Nemelex Xobeh.
  2643 | D:3      | Reached skill level 1 in Conjurations
  2643 | D:3      | Reached skill level 1 in Hexes
  2643 | D:3      | Reached skill level 1 in Summonings
  2643 | D:3      | Reached skill level 1 in Necromancy
  2643 | D:3      | Reached skill level 1 in Transmutations
  2643 | D:3      | Reached skill level 1 in Fire Magic
  2643 | D:3      | Reached skill level 1 in Ice Magic
  2643 | D:3      | Reached skill level 1 in Air Magic
  2643 | D:3      | Reached skill level 1 in Earth Magic
  2643 | D:3      | Reached skill level 1 in Poison Magic
  2838 | D:3      | Reached XP level 5. HP: 25/38 MP: 12/12
  3228 | D:3      | Found an opulent altar of Gozag.
  3445 | D:4      | Found a runed translucent door.
  3447 | D:4      | Noticed vdate's ghost (amateur GnWn)
  3463 | D:4      | Noticed a phantom
  3511 | D:3      | Killed a phantom
  3714 | D:4      | Reached XP level 6. HP: 41/45 MP: 13/13
  4017 | D:3      | Reached skill level 5 in Fighting
  4017 | D:3      | Reached skill level 5 in Dodging
  4017 | D:3      | Reached skill level 5 in Unarmed Combat
  4304 | D:4      | Found a large runed translucent door.
  4305 | D:4      | Found a large runed translucent door.
  4403 | D:4      | Found a shimmering blue altar of Sif Muna.
  4648 | D:5      | Entered Level 5 of the Dungeon
  5170 | D:5      | Noticed a water moccasin
  5181 | D:5      | Killed a water moccasin
  5182 | D:5      | Reached XP level 7. HP: 27/50 MP: 15/15
  5184 | D:5      | HP: 1/50 [something/puff of flame (9)]
  5185 | D:5      | Succumbed to a water moccasin's poison

Illustrated notes

Levels and vault maps discovered:
D:1:      amcnicky_arrival_blooded_trapdoor, layout_rooms, minmay_heptomino_l4
D:2:      layout_basic
D:3:      layout_loops_ring, mainiacjoe_overflow_brackets, tso_oasis_becter,
          marbit_many_paths
D:4:      layout_basic, general_overflow_altar, jmf_multi_god_temple2,
          ebering_ghost_reflecting_pool
D:5:      layout_loops_cross, elyvilon_altar_1, minmay_temple_entry_slanted,
          st_stairs_13, minmay_misc_feat_pillars, kennysheep_generic_room_6

Skill      XL: |  1  2  3  4  5  6 |
---------------+-------------------+-----
Spellcasting   | 5 |  5.5
Invocations    | 1 2 |  2.5
Short Blades   | 1 2 |  2.3
Long Blades    | 1 2 |  2.3
Axes           | 1 2 |  2.3
Maces & Flails | 1 2 |  2.3
Polearms       | 1 2 |  2.3
Staves         | 1 2 |  2.3
Slings         | 1 2 |  2.3
Bows           | 1 2 |  2.3
Crossbows      | 1 2 |  2.3
Stealth        | 1 2 |  2.3
Shields        | 1 2 |  2.3
Evocations     | 1 2 |  2.3
Conjurations   | 1 |  1.9
Hexes          | 1 |  1.9
Summonings     | 1 |  1.9
Necromancy     | 1 |  1.9
Transmutations | 1 |  1.9
Fire Magic     | 1 |  1.9
Ice Magic      | 1 |  1.9
Air Magic      | 1 |  1.9
Earth Magic    | 1 |  1.9
Poison Magic   | 1 |  1.9
Throwing       | 3 |  3.5
Armour         | 3 |  3.5
Fighting       | 5 |  5.1
Dodging        | 5 |  5.1
Unarmed Combat | 5 |  5.1
Translocations | |  5.8

Action                   |  1- 3 |  4- 6 |  7- 9 || total
-------------------------+-------+-------+-------++-------
Melee: Unarmed           |   131 |       |       ||   131
       Bite              |    12 |    21 |       ||    33
       Punch             |     4 |     7 |       ||    11
       Falchion          |    23 |   181 |       ||   204
       Flail             |       |    18 |     3 ||    21
Throw: Boomerang         |     5 |       |       ||     5
       Dart              |       |    28 |       ||    28
  Use: Potion            |     2 |       |     1 ||     3
Armor: Leather armour    |    74 |    71 |       ||   145
Dodge: Dodged            |   128 |   160 |     1 ||   289

Table legend: (Time is in decaauts)
 A = Elapsed time spent in this place.
 B = Non-inter-level travel time spent in this place.
 C = Inter-level travel time spent in this place.
 D = Time resting spent in this place.
 E = Time spent auto-exploring this place.
 F = Levels seen in this place.
 G = Mean time per level.
                   A        B        C        D        E       F      G
               +--------+--------+--------+--------+--------+-----+--------+
         Total |   5239 |   5020 |    219 |   1372 |   2442 |   5 | 1047.8 |
       Dungeon |   5239 |   5020 |    219 |   1372 |   2442 |   5 | 1047.8 |
               +--------+--------+--------+--------+--------+-----+--------+

Top non-repeatable levels by time:
     D:3: 1725 daAuts
     D:2: 1426 daAuts
     D:4: 1137 daAuts
     D:1: 803 daAuts
     D:5: 147 daAuts
